 Dungeon Crawl Stone Soup version 0.20.0-15-g7f486f2 (webtiles) character file.

9147 dvd the Covert (level 11, -7/50 HPs)
             Began as a Spriggan Enchanter on June 22, 2017.
             Was an Initiate of Gozag.
             Killed by divine providence
             ... invoked by an orc priest
              (16 damage)
             ... on level 11 of the Dungeon.
             The game lasted 00:41:00 (11761 turns).

dvd the Covert (Spriggan Enchanter)                Turns: 11761, Time: 00:41:04

Health: -7/50      AC:  1    Str:  4    XL:     11   Next: 19%
Magic:  11/25      EV: 25    Int: 23    God:    Gozag
Gold:   841        SH:  0    Dex: 16    Spells: 17/28 levels left

rFire    + + +     SeeInvis +   a - +2 dagger
rCold    + . .     Gourm    .   (shield restricted)
rNeg     + . .     Faith    .   A - +0 robe {rF+}
rPois    +         Spirit   .   M - -2 hat of the Alchemist {rElec rPois rF+ rC+ rN+ MR+ rMut rCorr}
rElec    +         Reflect  .   y - +0 cloak
rCorr    +         Harm     .   (gloves unavailable)
rMut     +                      (boots unavailable)
MR       ++...                  w - amulet of rage
Stlth    ++++++....             L - ring of protection from fire
Regen    0.2/turn               s - +2 ring of intelligence
MPRegen  0.2/turn

@: gold aura, very quick
A: unfitting armour, see invisible, herbivore 3, speed 3, slow metabolism 2
a: Potion Petition, Call Merchant, Bribe Branch, Renounce Religion, Evoke
Berserk Rage


You were on level 11 of the Dungeon.
You worshipped Gozag.
Gozag was pleased with you.
You were not hungry.

You visited 2 branches of the dungeon, and saw 12 of its levels.

You collected 1463 gold pieces.
You spent 519 gold pieces at shops.
You paid 103 gold pieces to Gozag.

Inventory:

Hand Weapons
 a - a +2 dagger (weapon)
 z - a +3 quarterstaff of chaos
 I - a +2 long sword of slicing
Armour
 y - a +0 cloak (worn)
 A - a +0 robe of fire resistance (worn)
 B - a +0 buckler
 M - the -2 hat of the Alchemist (worn) {rElec rPois rF+ rC+ rN+ MR+ rMut rCorr}
   (You bought it in a shop on level 8 of the Dungeon)

   It protects you from fire.
   It protects you from cold.
   It insulates you from electricity.
   It protects you from poison.
   It protects you from negative energy.
   It affects your resistance to hostile enchantments.
   It protects you from acid and corrosion.
   It protects you from mutation.
Jewellery
 i - an uncursed ring of flight
 s - a +2 ring of intelligence (right hand)
 w - an amulet of rage (around neck)
 G - an uncursed amulet of guardian spirit
 L - a ring of protection from fire (left hand)
Wands
 e - a wand of iceblast (4/15)
 l - a wand of random effects (48/48)
 H - a wand of confusion (32/48)
 P - a wand of iceblast (9/15)
 R - a wand of acid (7/15)
 S - a wand of flame (33/48)
Scrolls
 b - 4 scrolls of remove curse
 f - 2 scrolls of recharging
 m - 7 scrolls of identify
 o - a scroll of magic mapping
 q - 4 scrolls of teleportation
 C - 2 scrolls of fog
 D - 3 scrolls of immolation
 N - a scroll of blinking
Potions
 h - a potion of resistance
 k - 11 potions of curing {unknown}
 n - a potion of heal wounds {unknown}
 p - 2 potions of degeneration {unknown}
 t - 2 potions of might {unknown}
 v - 3 potions of brilliance {unknown}
 x - a potion of lignification {unknown}
 E - a potion of ambrosia {unknown}
 O - a potion of haste {unknown}
 Q - 2 potions of cancellation {unknown}
Books
 c - a book of Maledictions

   Spells                             Type                      Level
   a - Corona                         Hexes                        1
   b - Ensorcelled Hibernation        Hexes/Ice                    2
   c - Confuse                        Hexes                        3
   d - Tukima's Dance                 Hexes                        3
   e - Dazzling Spray                 Conjuration/Hexes            3
Comestibles
 d - 6 bread rations
 r - 9 fruits
 K - 2 royal jellies


   Skills:
 + Level 1.8 Fighting
 + Level 5.0 Short Blades
 * Level 9.2 Dodging
 + Level 14.2 Stealth
 + Level 9.3 Spellcasting
 + Level 1.1 Conjurations
 * Level 11.2 Hexes
 + Level 3.2 Ice Magic


You had 17 spell levels left.
You knew the following spells:

 Your Spells              Type           Power        Failure   Level  Hunger
b - Ensorcelled Hibernat  Hex/Ice        #####.       1%          2    None
c - Confuse               Hex            ######..     1%          3    None
d - Dazzling Spray        Conj/Hex       #####.       1%          3    None
e - Tukima's Dance        Hex            ######..     1%          3    None


Dungeon Overview and Level Annotations

Branches:
Dungeon (11/15)            Temple (1/1) D:6            Lair (0/6) D:8
    Orc (0/2) D:10

Altars:
Ashenzari
Cheibriados
Dithmenos
Elyvilon
Fedhas
Gozag
Hepliaklqana
Kikubaaqudgha
Makhleb
Nemelex Xobeh
Okawaru
Qazlal
Ru
Sif Muna
Trog
Uskayaw
Vehumet
Xom
Yredelemnul
Zin
The Shining One

Shops:
D:8 [   D:10 (

Annotations:
D:3 Robin
D:4 CODWOMAN's ghost, amateur DsIE


Innate Abilities, Weirdness & Mutations

You are very small and have problems with some larger weapons.
You are too small for most types of armour.
You have supernaturally acute eyesight. (SInv)
You are a herbivore.
You cover ground extremely quickly.
You need consume almost no food.


Message History

Casting: Ensorcelled Hibernation
Confirm with . or Enter, or press ? or * to list all spells.
Aiming: Ensorcelled Hibernation
Press: ? - help, Shift-Dir - straight line, f/p - orc wizard
Aim: an orc wizard, wielding a dagger and wearing a robe (moderately wounded, fast, chance to defeat MR: 69%)
The orc wizard struggles to resist.
The orc wizard misses you. The orc wizard completely misses you.
Casting: Ensorcelled Hibernation
Confirm with . or Enter, or press ? or * to list all spells.
Okay, then.
Unknown command.
The orc priest mumbles some strange prayers to Beogh against you.
Beogh smites you!
The orc wizard points at you and mumbles some strange words.
The magic dart hits you!
* * * LOW HITPOINT WARNING * * *
The orc priest mumbles some strange prayers to Beogh against you.
Beogh smites you!
You die...
Your body crumbles into a pile of gold.

##..........#
#....##.#### #..........#
#....##..# ############
#....###(## ########..##
#....+ #### #.#..#
#..<### #.##.#
#.....##########.##.##
#.....o$o..@..##.##..#
..#..?.C#######.##.###.##
........# #.##.# #..#
........# #.##'####.#
..%.o.... #.........##
......o... #..........#
.a......... #..........#
......C.....
#...........#
.............
#.........#.#


You could see a cyclops, an orc priest and an orc wizard.

Vanquished Creatures
  3 two-headed ogres
  An unseen horror (D:10)
  A cyclops (D:11)
  2 trolls
  Grinder (D:4)
  2 vampires (D:11)
  A spriggan (D:8)
  A wyvern (D:8)
  A basilisk (D:8)
  4 yaks (D:11)
  A hungry ghost (D:10)
  Edmund (D:4)
  Duvessa (D:6)
  An orc warrior (D:10)
  4 phantoms
  A sky beast (D:8)
  2 ice beasts
  2 black bears
  4 ogres
  A necrophage (D:7)
  2 centaurs
  A crocodile (D:8)
  A big kobold (D:9)
  Blork the orc (D:4)
  2 bullfrogs
  Dowan (D:6)
  A wyvern skeleton (D:10)
  4 scorpions
  4 jellies
  4 howler monkeys (D:10)
  4 crimson imps
  2 centaur zombies
  2 quasits
  2 bullfrog zombies
  A centaur skeleton (D:4)
  3 hounds
  4 orc priests
  Crazy Yiuf (D:4)
  15 orc wizards
  3 bullfrog skeletons
  Terence (D:2)
  3 iguanas
  5 worker ants
  3 hound skeletons
  9 adders
  An ooze (D:2)
  2 adder skeletons
  2 adder zombies
  5 worms
  A dart slug (D:1)
  5 leopard geckos
  36 orcs
  12 giant cockroaches
  6 goblins
  5 hobgoblins
  10 jackals
  2 quokkas
  3 ball pythons
  5 bats
  10 frilled lizards
  A giant cockroach zombie (D:5)
  A jackal skeleton (D:4)
  9 kobolds
  A quokka skeleton (D:6)
  5 rats
236 creatures vanquished.

Vanquished Creatures (collateral kills)
  2 orc warriors
  2 orc wizards (D:8)
  3 orcs
  A goblin (D:3)
8 creatures vanquished.

Grand Total: 244 creatures vanquished

Notes
Turn   | Place    | Note
-------+----------+-------------------------------------------
     0 | D:1      | dvd the Spriggan Enchanter began the quest for the Orb.
     0 | D:1      | Reached XP level 1. HP: 9/9 MP: 5/5
   347 | D:1      | Reached XP level 2. HP: 10/13 MP: 2/7
   376 | D:1      | Learned a level 2 spell: Ensorcelled Hibernation
  1023 | D:2      | Reached skill level 5 in Stealth
  1039 | D:2      | Reached XP level 3. HP: 16/16 MP: 3/8
  1190 | D:2      | Noticed Terence
  1194 | D:2      | Killed Terence
  1316 | D:2      | Learned a level 3 spell: Confuse
  1383 | D:2      | Reached XP level 4. HP: 21/21 MP: 1/10
  1497 | D:2      | Reached skill level 6 in Stealth
  2022 | D:3      | Found a basalt altar of Yredelemnul.
  2429 | D:3      | Reached XP level 5. HP: 24/24 MP: 4/11
  2529 | D:3      | Noticed Robin
  2816 | D:3      | Learned a level 3 spell: Dazzling Spray
  2994 | D:4      | Noticed Edmund
  3001 | D:4      | HP: 1/24 [Edmund/flail of holy wrath (12)]
  3374 | D:4      | Noticed Grinder
  3849 | D:4      | Reached skill level 1 in Ice Magic
  3905 | D:4      | Reached skill level 5 in Hexes
  3977 | D:4      | Noticed CODWOMAN's ghost (amateur DsIE)
  4083 | D:4      | Reached XP level 6. HP: 24/28 MP: 6/13
  4146 | D:3      | Learned a level 3 spell: Tukima's Dance
  4170 | D:4      | Reached skill level 7 in Stealth
  4370 | D:4      | Found a runed door.
  4374 | D:4      | Noticed Crazy Yiuf
  4378 | D:4      | Killed Crazy Yiuf
  4441 | D:4      | Killed Edmund
  4532 | D:4      | Killed Grinder
  4532 | D:4      | Reached skill level 8 in Stealth
  4532 | D:4      | Reached skill level 5 in Spellcasting
  4532 | D:4      | Reached XP level 7. HP: 20/32 MP: 13/16
  4793 | D:4      | Noticed Blork the orc
  4798 | D:4      | Killed Blork the orc
  4838 | D:5      | Entered Level 5 of the Dungeon
  4864 | D:5      | Reached skill level 1 in Fighting
  5536 | D:5      | Found a burning altar of Makhleb.
  5654 | D:5      | Reached skill level 9 in Stealth
  5654 | D:5      | Reached XP level 8. HP: 37/37 MP: 14/17
  6004 | D:6      | Noticed Duvessa
  6006 | D:6      | Noticed Dowan
  6012 | D:6      | Killed Duvessa
  6017 | D:6      | Killed Dowan
  6017 | D:6      | Reached skill level 5 in Dodging
  6122 | D:6      | Found a staircase to the Ecumenical Temple.
  6157 | Temple   | Entered the Ecumenical Temple
  6403 | Temple   | Became a worshipper of Gozag Ym Sagoz the Greedy
  6487 | D:6      | Reached skill level 10 in Stealth
  7075 | D:6      | Found a faded altar of an unknown god.
  7075 | D:6      | Found a burning altar of Makhleb.
  7081 | D:6      | Found a snail-covered altar of Cheibriados.
  7083 | D:6      | Found a hide-covered altar of Uskayaw.
  7085 | D:6      | Found a faded altar of an unknown god.
  7589 | D:7      | Reached XP level 9. HP: 41/41 MP: 16/19
  8252 | D:8      | Found a staircase to the Lair.
  8252 | D:8      | Noticed a death yak
  8467 | D:8      | Found Yqif's Armour Shop.
  8532 | D:8      | Reached skill level 11 in Stealth
  8803 | D:8      | Bought the -2 hat of the Alchemist {rElec rPois rF+ rC+ rN+ MR+ rMut rCorr} for 519 gold pieces
  9083 | D:8      | Noticed a two-headed ogre
  9086 | D:8      | Killed a two-headed ogre
  9086 | D:8      | Reached skill level 12 in Stealth
  9086 | D:8      | Reached XP level 10. HP: 46/46 MP: 22/22
  9285 | D:9      | Noticed a two-headed ogre
  9299 | D:9      | Killed a two-headed ogre
  9299 | D:9      | Reached skill level 10 in Hexes
  9682 | D:9      | Found a white marble altar of Elyvilon.
  9682 | D:9      | Found a glowing golden altar of the Shining One.
  9683 | D:9      | Found a glowing silver altar of Zin.
 10238 | D:10     | Entered Level 10 of the Dungeon
 10311 | D:10     | Reached skill level 13 in Stealth
 10380 | D:10     | Found Ukag's Weapon Shop.
 10426 | D:10     | Noticed an unseen horror
 10667 | D:10     | Found a staircase to the Orcish Mines.
 10676 | D:10     | Killed an unseen horror
 11193 | D:11     | Noticed a two-headed ogre
 11211 | D:11     | Killed a two-headed ogre
 11230 | D:11     | Noticed a cyclops
 11237 | D:11     | Reached skill level 14 in Stealth
 11240 | D:11     | Reached skill level 5 in Short Blades
 11240 | D:11     | Reached XP level 11. HP: 40/50 MP: 9/25
 11423 | D:11     | Reached skill level 1 in Conjurations
 11761 | D:11     | Killed from afar by an orc priest

Skill      XL: |  1  2  3  4  5  6  7  8  9 10 11 |
---------------+----------------------------------+-----
Spellcasting   | 3 4 5 6 7 9 |  9.3
Hexes          | 4 5 6 8 9 10 11 | 11.2
Stealth        | 5 6 8 9 10 12 14 | 14.2
Short Blades   | 2 3 4 5 |  5.0
Ice Magic      | 1 2 3 |  3.2
Fighting       | 1 |  1.8
Dodging        | 4 6 7 8 9 |  9.2
Conjurations   | 1 |  1.1

Action                   |  1- 3 |  4- 6 |  7- 9 | 10-12 || total
-------------------------+-------+-------+-------+-------++-------
Melee: Dagger            |    59 |   117 |   216 |   117 ||   509
 Cast: Corona            |     9 |     1 |       |       ||    10
       Ensorcelled Hiber |    22 |    55 |    73 |    32 ||   182
       Confuse           |     2 |    14 |    31 |    22 ||    69
       Tukima's Dance    |       |     1 |     3 |     4 ||     8
       Dazzling Spray    |       |       |    14 |    11 ||    25
  Use: Scroll            |       |       |     5 |    10 ||    15
 Stab: Sleeping          |    26 |    41 |    62 |    40 ||   169
       Distracted        |     1 |       |       |     2 ||     3
       Confused          |       |     6 |    24 |    19 ||    49
       Invisible         |       |       |     3 |     1 ||     4
  Eat: Bread ration      |       |     1 |       |     1 ||     2
       Royal jelly       |       |       |     2 |       ||     2
Armor: Robe              |     7 |     2 |    13 |     1 ||    23
Dodge: Dodged            |    26 |    53 |   114 |    38 ||   231
